Map: Selva profunda EE

Players

MrFercho

  • Race: Zerg Zerg
  • League: Silver
  • Spawn Location: 7:00

TATORREA

  • Race: Protoss Protoss
  • League: Silver
  • Spawn Location: 7:00

tigro

  • Race: Terran Terran
  • League: Bronze
  • Spawn Location: 7:00

MUFASITA

  • Race: Terran Terran
  • Spawn Location: 3:00

Estympy

  • Race: Protoss Protoss
  • League: Bronze
  • Spawn Location: 1:00

hudy

  • Race: Terran Terran
  • Spawn Location: 1:00

VOD

Have the link to the VOD?

Description

Time

  • Played on: June 22, 2020, 6:56 p.m.
  • Length: 16:51
Show
View Real Time Build Order
Export as new Build Order

MrFercho Zerg 

Build Orders: Pool First 

Get SALT Encoding   

  12  0:01  Drone  
  13  0:19  Overlord  
  13  0:20  Drone  
  14  0:40  Spawning Pool  
  14  0:41  Drone x2  
  15  1:04  Extractor  
  15  1:07  Drone x3  
  17  1:18  Drone  
  18  1:28  Queen  
  18  1:30  Drone  
  21  1:42  Overlord  
  21  1:56  Overlord  
  21  2:04  Zergling x2  
  21  2:06  Metabolic Boost  
  22  2:16  Drone  
  22  2:17  Extractor  
  22  2:23  Drone  
  23  2:39  Drone  
  24  2:46  Lair  
  24  2:47  Drone x3  
  27  3:15  Zergling x4  
  29  3:23  Hatchery  
  29  3:24  Hatchery  
  27  3:30  Zergling x4  
  29  3:37  Zergling x2  
  29  3:39  Drone x2  
  32  3:47  Zergling x2  
  33  3:54  Evolution Chamber  
  32  3:57  Baneling Nest  
  31  4:04  Spire  
  30  4:10  Zergling x2  
  30  4:11  Zergling x8  
  35  4:19  Overlord  
  35  4:24  Zerg Ground Armor Level 1  
  35  4:43  Nydus Network  
  34  5:02  Baneling  
  34  5:03  Baneling x7  
  25  5:39  Mutalisk  
  25  5:40  Mutalisk  
  20  5:43  Drone  
  20  5:46  Drone x3  
  22  6:01  Zergling x16  
  30  6:05  Overseer  
  30  6:16  Zergling x4  
  32  6:24  Zerg Melee Weapons Level 1  
  32  6:31  Drone x3  
  35  6:35  Drone  
  35  6:39  Drone  
  37  6:48  Drone x2  
  37  6:51  Drone  
  40  6:54  Drone  
  40  7:00  Drone  
  42  7:02  Drone  
  42  7:07  Drone x5  
  48  7:08  Drone x3  
  51  7:25  Zergling x4  
  53  7:34  Nydus Canal  
  53  7:42  Zergling x8  
  50  8:18  Infestation Pit  
  49  8:52  Nydus Canal  
  49  9:22  Zergling x12  
  39  9:50  Mutalisk x4  
  38  10:10  Drone x3  
  41  10:25  Zerg Melee Weapons Level 2  
  41  10:29  Hive  
  41  10:35  Drone x3  
  43  10:37  Drone x3  
  47  11:04  Mutalisk  
  47  11:06  Overlord x3  
  49  11:15  Drone  
  49  11:16  Overlord  
  49  11:17  Overlord  
  48  11:55  Mutalisk x5  
  48  11:56  Mutalisk  
  50  12:18  Drone x2  
  37  12:32  Drone x3  
  40  12:51  Hatchery  
  39  12:59  Mutalisk x3  
  45  13:15  Drone x5  
  50  13:32  Drone x3  
  45  13:49  Mutalisk x3  
  51  14:08  Drone  
  52  14:17  Drone x6  
  52  14:22  Mutalisk  
  60  14:26  Drone x4  
  60  14:28  Extractor  
  63  14:32  Extractor  
  62  14:50  Mutalisk x2  
  66  14:54  Zergling x2  
  66  14:55  Zergling x10  
  56  15:30  Mutalisk x3  
  56  15:53  Drone x13  
  55  16:13  Corruptor x8  
Show
View Real Time Build Order
Export as new Build Order

TATORREA Protoss 

Build Orders:  

Get SALT Encoding   

  12  0:02  Probe  
  13  0:14  Probe  
  14  0:26  Probe  
  14  0:27  Pylon  
  15  0:45  Probe  
  15  0:48  Gateway  
  16  0:56  Probe  
  16  1:00  Assimilator  
  17  1:04  Probe  
  17  1:06  Pylon  
  18  1:13  Probe  
  19  1:21  Probe  
  20  1:29  Probe  
  20  1:38  Cybernetics Core  
  20  1:41  Probe  
  21  1:53  Probe  
  22  1:59  Assimilator  
  22  2:06  Nexus  
  22  2:11  Pylon, Probe  
  22  2:15  Warp Gate  
  23  2:24  Probe  
  23  2:29  Gateway  
  24  2:33  Probe  
  25  2:46  Probe  
  26  2:57  Probe  
  27  2:59  Stalker  
  29  3:09  Probe  
  30  3:17  Pylon  
  30  3:20  Pylon  
  30  3:21  Probe  
  30  3:22  Probe  
  30  3:24  Robotics Facility  
  32  3:29  Sentry  
  32  3:31  Probe  
  32  3:34  Probe  
  36  3:35  Stalker  
  36  3:39  Probe  
  38  3:46  Probe  
  38  3:48  Probe  
  41  3:58  Probe  
  41  3:59  Assimilator  
  41  4:00  Probe  
  41  4:01  Assimilator  
  43  4:10  Probe  
  43  4:12  Probe  
  43  4:14  Robotics Bay  
  46  4:17  Observer  
  46  4:22  Probe  
  48  4:24  Probe  
  48  4:34  Probe  
  53  4:38  Immortal  
  53  4:40  Nexus  
  53  4:46  Pylon  
  53  4:48  Probe  
  53  4:49  Pylon  
  54  4:57  Probe  
  53  5:00  Stalker, Probe  
  53  5:01  Stalker  
  56  5:27  Stalker x2  
  60  5:40  Probe x2  
  62  5:55  Probe x2  
  64  6:01  Probe  
  65  6:07  Probe x2  
  65  6:14  Stalker, Probe  
  65  6:15  Stalker  
  70  6:19  Probe x2  
  72  6:26  Probe  
  72  6:31  Assimilator, Probe x2  
  75  6:36  Assimilator  
  75  6:38  Probe  
  76  6:40  Extended Thermal Lance, Colossus  
  76  6:41  Pylon  
  76  6:43  Probe x2  
  76  6:44  Pylon  
  84  6:49  Pylon  
  84  6:50  Probe  
  85  6:54  Forge  
  85  6:56  Forge  
  85  6:58  Forge  
  85  7:00  Twilight Council  
  85  7:09  Probe x2  
  85  7:11  Probe  
  88  7:21  Probe x2  
  90  7:24  Probe  
  91  7:33  Probe x2  
  93  7:40  Gateway  
  93  7:42  Gateway  
  93  7:44  Gateway  
  93  7:46  Stalker  
  93  7:47  Gateway, Stalker  
  93  7:49  Gateway  
  81  8:09  Probe x3  
  82  8:21  Probe x3  
  85  8:33  Probe x3  
  88  8:45  Probe x3  
  91  8:57  Probe x2  
  91  8:58  Probe  
  92  9:09  Probe  
  79  9:10  Nexus  
  79  9:13  Pylon  
  79  9:16  Pylon  
  57  9:42  Stalker x3  
  57  9:43  Stalker x4  
  57  9:44  Protoss Ground Armor Level 1, Protoss Ground Weapons Level 1, Protoss Shields Level 1  
  57  9:45  Probe x3  
  55  9:57  Probe x3  
  54  10:07  Stalker x3  
  54  10:08  Stalker x4  
  54  10:09  Probe x3  
  71  10:21  Probe x3  
  73  10:33  Stalker x3, Probe x3  
  73  10:34  Stalker  
  84  10:45  Probe x3  
  87  10:57  Probe  
  87  10:59  Stalker x4  
  87  11:00  Stalker  
  87  11:03  Probe  
  87  11:04  Probe  
  100  11:19  Probe x4  
  100  11:24  Colossus  
  104  11:31  Probe x4  
  104  11:32  Blink  
  114  11:43  Probe  
  115  12:06  Protoss Ground Armor Level 2, Protoss Ground Weapons Level 2  
  106  12:10  Protoss Shields Level 2  
  87  12:18  Immortal  
  87  12:21  Stalker x2  
  87  12:22  Stalker x5  
  93  13:00  Probe  
  93  13:01  Probe x2  
  93  13:02  Probe  
  97  13:06  Stalker  
  97  13:07  Stalker x4  
  97  13:09  Stalker x2  
  111  13:20  Probe x2  
  111  13:21  Probe x2  
  115  13:32  Colossus, Probe  
  115  13:33  Probe x3  
  125  13:45  Probe x2  
  125  13:46  Probe x2  
  129  13:53  Stalker  
  129  13:54  Stalker x5  
  141  13:57  Probe  
  141  13:58  Probe x2  
  144  14:09  Probe  
  145  14:14  Probe x3  
  148  14:19  Stalker  
  148  14:20  Stalker x3  
  156  14:28  Assimilator  
  156  14:32  Pylon  
  156  14:35  Pylon  
  156  14:36  Assimilator  
  156  14:41  Pylon  
  156  14:46  Pylon  
  156  14:51  Pylon  
  156  14:54  Colossus  
  156  14:56  Pylon  
  156  14:59  Pylon  
  162  15:01  Stalker  
  162  15:02  Stalker, Pylon  
  162  15:03  Stalker  
  76  15:55  Stalker x5  
  76  15:56  Stalker x2  
  85  16:13  Nexus  
Show
View Real Time Build Order
Export as new Build Order

tigro Terran 

Build Orders:  

Get SALT Encoding   

  12  0:05  SCV  
  13  0:17  SCV  
  14  0:24  Supply Depot  
  14  0:29  SCV  
  15  0:36  Refinery  
  15  0:46  SCV  
  15  0:49  Barracks  
  16  0:58  SCV  
  16  1:01  Refinery  
  17  1:10  SCV  
  18  1:12  Supply Depot  
  18  1:22  SCV  
  19  1:34  SCV  
  19  1:39  Marine  
  21  1:50  SCV  
  22  1:56  Marine  
  23  2:02  SCV  
  23  2:05  Barracks  
  24  2:14  Marine  
  24  2:15  SCV  
  26  2:21  Engineering Bay  
  26  2:28  Orbital Command  
  26  2:32  Marine  
  27  2:50  Marine  
  28  2:59  Barracks Tech Lab  
  28  3:11  Factory  
  28  3:14  Terran Infantry Weapons Level 1  
  28  3:22  Barracks Reactor  
  28  3:45  Combat Shield  
  28  4:00  Factory Tech Lab  
  28  4:12  Starport  
  25  4:53  Missile Turret  
  25  4:55  Marine  
  25  4:56  Marine x2  
  28  5:08  Terran Infantry Armor Level 1  
  28  5:13  Marine x3  
  31  5:15  Missile Turret, Siege Tank  
  23  5:31  Marine x3  
  18  5:47  Siege Tank  
  18  5:49  Marine x3  
  51  5:57  Orbital Command  
  12  6:06  Marine  
  12  6:07  Marine x2  
  15  6:24  Marine  
  15  6:25  Marine x2  
  18  6:42  Marine x3  
  18  6:43  SCV  
  22  6:55  SCV  
  22  7:00  Marine  
  24  7:02  Neosteel Armor  
  24  7:07  SCV  
  25  7:19  SCV  
  26  7:31  SCV  
  27  7:43  SCV  
  28  7:45  Missile Turret  
  28  7:56  SCV  
  29  8:07  Missile Turret  
  29  8:09  Medivac  
  31  8:18  SCV  
  32  8:28  Missile Turret  
  32  8:30  SCV  
  33  8:39  Medivac  
  35  8:42  Hi-Sec Auto Tracking, SCV  
  36  8:54  SCV  
  37  9:06  SCV  
  38  9:18  SCV  
  38  9:20  Command Center  
  39  9:30  SCV  
  40  9:42  SCV  
  40  9:43  Stimpack  
  41  10:35  Refinery  
  41  10:44  SCV  
  42  10:52  SCV  
  42  10:56  SCV  
  44  10:57  Starport Tech Lab  
  44  11:04  SCV  
  44  11:06  Starport  
  44  11:08  SCV  
  46  11:16  SCV  
  47  11:23  Concussive Shells  
  47  11:28  SCV  
  48  11:40  SCV  
  48  11:43  Refinery  
  48  11:45  Siege Tank  
  52  11:47  Fusion Core  
  52  11:50  Marine  
  52  11:51  Marine x2  
  55  12:06  Supply Depot  
  55  12:08  Marine x3  
  55  12:14  Planetary Fortress  
  58  12:17  Siege Tank  
  61  12:26  Marine  
  61  12:27  Marine x2  
  61  12:28  Supply Depot  
  64  12:37  Armory  
  64  12:38  Weapon Refit  
  64  12:41  Starport Tech Lab  
  64  12:44  Marine  
  64  12:45  Marine x2  
  67  12:54  SCV  
  68  13:03  Marine  
  69  13:06  SCV  
  70  13:18  SCV  
  71  13:25  Missile Turret  
  71  13:30  SCV  
  72  13:43  SCV  
  72  13:47  Missile Turret  
  73  13:55  SCV  
  74  14:07  SCV  
  74  14:08  Missile Turret  
  75  14:13  Terran Infantry Weapons Level 2  
  75  14:18  Rapid Reignition System  
  75  14:19  SCV  
  76  14:41  Missile Turret  
  76  14:43  Marine  
  76  14:44  Marine x2  
  79  14:49  Battlecruiser  
  85  15:01  Marine x3  
  57  15:14  Advanced Ballistics  
  57  15:19  Marine x3  
  58  15:37  Marine x3  
  58  15:42  Medivac  
  63  15:47  Siege Tank  
  66  15:53  Medivac  
  66  15:55  Marine x3  
  65  16:12  Marine  
  65  16:13  Marine x2  
  61  16:19  Siege Tank  
  61  16:31  Marine  
Show
View Real Time Build Order
Export as new Build Order

MUFASITA Terran 

Build Orders:  

Get SALT Encoding   

  12  0:15  Supply Depot  
  12  0:19  SCV  
  13  0:22  Refinery  
  13  0:35  SCV  
  14  0:43  Barracks  
  14  0:57  SCV  
  15  1:09  SCV  
  16  1:12  Supply Depot  
  16  1:21  SCV  
  17  1:33  SCV  
  18  1:46  Refinery  
  18  1:49  Barracks  
  18  1:52  Barracks Reactor  
  18  1:55  SCV  
  19  2:11  SCV  
  20  2:23  SCV  
  20  2:29  Supply Depot  
  21  2:35  SCV, Reaper x2  
  24  2:38  Barracks Tech Lab  
  24  2:40  Barracks Reactor  
  24  2:43  Engineering Bay  
  24  2:47  SCV  
  25  3:01  Orbital Command  
  25  3:07  Reaper x2  
  27  3:17  Reaper x2  
  29  3:29  SCV  
  30  3:34  Supply Depot  
  30  3:39  Reaper x2  
  32  3:46  Terran Infantry Weapons Level 1  
  32  3:58  SCV  
  32  4:00  Reaper x2  
  35  4:03  Missile Turret  
  35  4:11  Reaper  
  36  4:25  Missile Turret  
  36  4:26  Command Center  
  36  4:38  SCV  
  35  4:50  SCV  
  36  5:18  Reaper x4  
  35  5:50  Reaper  
  35  5:52  Reaper  
  35  5:53  Reaper x2  
  37  6:01  Terran Infantry Armor Level 1  
  36  6:06  Supply Depot  
  36  6:11  Missile Turret  
  36  6:22  Reaper  
  36  6:25  Reaper x2  
  39  6:28  Supply Depot  
  39  6:33  Missile Turret  
  39  6:36  Reaper  
  40  6:40  Refinery  
  40  6:42  Orbital Command  
  40  6:57  Reaper x3  
  43  7:04  SCV  
  44  7:09  Refinery  
  44  7:14  Factory  
  44  7:16  SCV x2  
  46  7:28  SCV x2  
  48  7:30  Supply Depot  
  48  7:40  SCV x2  
  50  7:52  SCV  
  50  7:54  Supply Depot  
  50  8:10  SCV  
  45  8:13  Factory Tech Lab  
  45  8:14  Starport  
  45  8:15  Starport  
  45  8:18  SCV  
  46  8:22  Armory, SCV  
  47  8:30  SCV  
  47  8:32  Reaper x2  
  47  8:33  Reaper x2  
  47  8:34  SCV  
  53  8:42  SCV  
  54  8:54  SCV  
  54  8:55  Command Center  
  55  9:04  Reaper x2  
  55  9:05  Reaper x2  
  55  9:07  SCV  
  60  9:19  SCV  
  60  9:36  Reaper  
  60  9:37  Reaper x3  
  60  10:08  Reaper  
  60  10:13  Starport Tech Lab  
  58  10:18  Fusion Core  
  58  10:19  Armory, Starport Tech Lab  
  58  10:24  Terran Infantry Weapons Level 2  
  58  10:26  Orbital Command  
  57  10:34  SCV  
  58  10:39  Missile Turret  
  58  10:45  Refinery, Missile Turret  
  58  10:46  SCV  
  59  10:58  Starport  
  59  11:05  Missile Turret  
  59  11:06  Supply Depot  
  59  11:07  Supply Depot, Terran Vehicle Weapons Level 1  
  59  11:10  Battlecruiser x2  
  71  11:11  Weapon Refit  
  71  11:17  Terran Ship Weapons Level 1  
  71  11:19  SCV  
  71  11:24  Refinery  
  72  11:27  Missile Turret  
  72  11:31  SCV  
  72  11:37  Missile Turret  
  71  11:44  SCV  
  71  11:47  Missile Turret  
  71  11:48  Starport Tech Lab  
  71  11:49  SCV  
  72  11:56  SCV  
  72  11:57  Missile Turret  
  73  12:01  SCV  
  73  12:08  SCV  
  75  12:10  Missile Turret  
  75  12:14  Battlecruiser  
  81  12:31  Missile Turret  
  81  12:34  Battlecruiser  
  75  12:53  Missile Turret  
  74  12:58  SCV  
  75  13:10  SCV  
  76  13:13  Missile Turret  
  76  13:14  Battlecruiser, Missile Turret  
  76  13:17  Supply Depot  
  76  13:18  Battlecruiser  
  88  13:20  Supply Depot  
  88  13:23  SCV  
  89  13:30  Reaper x4  
  89  13:32  Terran Vehicle And Ship Armor Level 1  
  89  13:34  Terran Ship Weapons Level 2  
  93  13:35  Missile Turret, SCV  
  93  13:36  Missile Turret  
  94  13:45  Supply Depot  
  94  13:47  SCV  
  95  13:53  Supply Depot  
  95  13:54  Command Center  
  95  13:55  Battlecruiser  
  101  13:57  Missile Turret  
  101  13:59  SCV  
  101  14:02  Reaper  
  103  14:11  SCV  
  104  14:21  Supply Depot, Missile Turret  
  104  14:35  Starport  
  104  14:43  Reaper x3, Missile Turret  
  104  14:44  Reaper  
  108  15:04  Missile Turret  
  108  15:16  Refinery  
  108  15:20  Refinery  
  114  15:21  Battlecruiser x3  
  114  15:24  Missile Turret  
  114  15:27  Orbital Command  
  126  15:46  Missile Turret  
  126  16:06  Missile Turret  
Show
View Real Time Build Order
Export as new Build Order

Estympy Protoss 

Build Orders:  

Get SALT Encoding   

  12  0:04  Probe  
  13  0:16  Probe  
  14  0:24  Probe  
  15  0:51  Pylon  
  15  1:02  Assimilator  
  15  1:09  Probe  
  15  1:10  Gateway  
  16  1:21  Probe  
  17  1:32  Probe  
  18  1:40  Probe  
  18  1:41  Gateway  
  19  1:48  Probe  
  20  1:55  Pylon  
  20  1:58  Zealot  
  20  2:00  Probe  
  23  2:10  Cybernetics Core  
  23  2:13  Probe  
  24  2:25  Probe, Zealot  
  27  2:35  Probe  
  27  2:40  Zealot  
  27  2:43  Probe  
  30  2:47  Warp Gate  
  30  2:50  Gateway  
  31  2:57  Gateway  
  31  3:03  Pylon  
  31  3:16  Pylon  
  31  3:19  Probe  
  31  3:21  Zealot x2  
  36  3:27  Probe  
  37  3:35  Probe  
  37  3:40  Stalker  
  40  3:45  Stalker  
  40  3:48  Stalker x2, Probe  
  47  4:37  Twilight Council  
  47  4:49  Pylon  
  47  5:20  Pylon  
  47  5:38  Probe  
  47  5:39  Pylon  
  48  5:43  Stalker  
  48  5:46  Stalker  
  48  5:47  Stalker  
  54  5:50  Probe  
  55  6:03  Probe  
  55  6:04  Assimilator  
  56  6:09  Stalker  
  56  6:10  Stalker x2  
  62  6:15  Probe  
  63  6:57  Pylon  
  63  7:15  Probe  
  64  7:32  Stalker x3  
  70  8:57  Pylon  
  70  9:22  Blink  
  54  9:50  Stalker x3  
  54  9:51  Stalker  
  62  10:01  Pylon  
  62  10:03  Stargate  
  62  10:20  Stargate  
  62  10:22  Stargate  
  62  10:33  Stalker x3  
  62  10:34  Stalker  
  70  10:45  Dark Shrine  
  70  11:07  Oracle  
  73  11:22  Resonating Glaives  
  73  11:30  Nexus  
  60  12:28  Stalker  
  60  12:29  Stalker x2  
  66  12:30  Stalker  
  66  12:37  Void Ray x2  
  76  13:01  Void Ray  
  76  13:05  Pylon  
  79  13:39  Probe  
  79  13:47  Probe  
  80  13:49  Void Ray  
  85  13:57  Probe  
  86  14:08  Assimilator  
  86  14:09  Probe  
  87  14:12  Assimilator  
  87  14:21  Probe  
  75  15:28  Void Ray x3  
  73  16:14  Nexus  
Show
View Real Time Build Order
Export as new Build Order

hudy Terran 

Build Orders: Mech 

Get SALT Encoding   

  12  0:01  SCV  
  13  0:15  Refinery  
  13  0:22  Supply Depot  
  13  0:26  SCV  
  14  0:38  SCV  
  15  0:50  SCV  
  15  0:51  Barracks  
  16  1:00  Refinery  
  16  1:03  SCV  
  17  1:15  SCV  
  18  1:28  SCV  
  19  1:39  Barracks Reactor  
  19  1:43  Factory  
  19  1:44  SCV  
  20  1:56  SCV  
  21  2:12  Supply Depot  
  21  2:13  Orbital Command  
  21  2:19  Marine  
  21  2:20  Marine  
  23  2:26  Factory Tech Lab  
  23  2:32  Starport  
  23  2:38  Marine  
  23  2:42  SCV  
  25  2:47  Siege Tank  
  28  2:59  SCV  
  29  3:08  Medivac  
  31  3:13  Supply Depot  
  31  3:17  Supply Depot  
  31  3:34  Marine x2  
  31  3:35  Siege Tank, SCV  
  37  3:43  Medivac  
  39  3:52  Marine x2  
  39  3:54  Supply Depot  
  41  4:02  Engineering Bay  
  41  4:10  Marine x2  
  43  4:26  Siege Tank  
  43  4:27  Starport Reactor  
  43  4:28  Marine  
  47  4:42  Missile Turret  
  47  4:53  Marine  
  47  4:58  Siege Tank  
  47  4:59  Supply Depot  
  51  5:02  Missile Turret  
  51  5:23  Missile Turret  
  42  5:46  Missile Turret  
  42  6:02  Command Center  
  35  6:16  Supply Depot  
  35  6:21  Factory  
  35  6:32  Viking  
  35  6:33  Viking  
  35  6:37  Marine, Siege Tank  
  35  6:38  Marine  
  35  6:39  Supply Depot  
  44  6:41  SCV  
  45  6:53  SCV  
  46  6:55  Marine  
  47  7:02  Viking  
  47  7:03  Supply Depot  
  47  7:05  SCV  
  47  7:07  Factory  
  50  7:15  Orbital Command, Refinery  
  50  7:17  SCV  
  50  7:19  Sensor Tower  
  51  7:29  SCV  
  52  7:30  Supply Depot  
  52  7:38  Refinery  
  52  7:53  Armory  
  52  7:57  SCV  
  53  7:59  SCV  
  54  8:09  SCV  
  54  8:11  SCV  
  56  8:21  Sensor Tower, SCV  
  56  8:24  SCV  
  56  8:25  Factory Tech Lab  
  56  8:26  Factory Tech Lab  
  58  8:33  SCV  
  59  8:50  Armory  
  59  8:58  Factory  
  48  9:45  Missile Turret  
  48  9:52  Factory Tech Lab  
  48  10:05  Missile Turret  
  48  10:07  Sensor Tower  
  48  10:12  Thor x2  
  60  10:19  Siege Tank  
  63  10:22  Marine x2  
  65  10:28  Missile Turret  
  65  10:40  Marine x2  
  65  10:41  Command Center  
  67  10:53  Command Center  
  67  10:57  Marine  
  67  10:58  Marine  
  69  11:07  Missile Turret  
  69  11:12  Thor x2  
  69  11:15  Marine  
  69  11:16  Marine  
  83  11:23  Supply Depot  
  83  11:28  Missile Turret  
  83  11:45  Supply Depot  
  81  11:47  Missile Turret  
  81  11:55  Terran Vehicle And Ship Armor Level 1, Refinery  
  81  11:57  Terran Vehicle Weapons Level 1  
  81  12:07  Supply Depot, Refinery  
  79  12:10  Missile Turret  
  79  12:26  SCV  
  79  12:27  SCV  
  79  12:29  Orbital Command  
  81  12:30  Supply Depot  
  81  12:32  SCV  
  81  12:33  Missile Turret  
  82  12:38  SCV  
  82  12:39  Thor x2, SCV  
  96  12:44  SCV  
  96  12:50  SCV  
  98  12:51  SCV  
  98  12:54  SCV  
  98  12:56  SCV  
  98  12:57  Missile Turret  
  101  13:02  SCV  
  101  13:03  SCV, Refinery  
  103  13:06  Refinery  
  103  13:07  SCV  
  103  13:09  SCV  
  105  13:18  Missile Turret  
  105  13:19  Thor x2, SCV  
  118  13:21  SCV  
  119  13:33  SCV  
  120  13:39  Missile Turret  
  120  13:45  SCV  
  121  13:56  Terran Vehicle And Ship Armor Level 2  
  121  13:57  SCV  
  121  13:58  Terran Ship Weapons Level 1  
  121  13:59  Missile Turret  
  121  14:01  Thor  
  128  14:04  Marine x2  
  130  14:14  SCV  
  130  14:16  SCV  
  132  14:19  Missile Turret  
  132  14:22  Marine x2  
  134  14:26  SCV  
  134  14:29  SCV  
  136  14:39  Marine  
  136  14:40  Marine  
  136  14:41  Orbital Command  
  138  14:49  Thor x4  
  138  14:51  Missile Turret  
  162  14:57  Marine x2  
  160  15:12  Missile Turret  
  154  15:27  Viking x2  
  156  15:31  Thor  
  156  15:32  Thor  
  156  15:33  Marine x2  
  133  15:51  Marine x2  
  133  15:55  SCV  
  133  15:56  Viking  
  135  15:57  Viking  
  140  16:05  Thor x2  
  140  16:07  SCV  
  140  16:09  Marine x2  
  161  16:19  SCV  
  162  16:26  Marine  
  162  16:27  Marine  
Tags
 
Add a new tag
Caveats
  • Supply blocks, unpowered buildings, or Contaminate may cause inaccurate times.
  • Supply counts are checked every 10 seconds.